 Dungeon Crawl Stone Soup version 0.19.5 (webtiles) character file.

43 FeelsKnight the Sneak (level 3, 0/18 HPs)
             Began as a Spriggan Assassin on May 15, 2017.
             Succumbed to an adder's poison
             ... on level 2 of the Dungeon.
             The game lasted 00:07:18 (1683 turns).

FeelsKnight the Sneak (Spriggan Assassin)           Turns: 1683, Time: 00:07:19

Health: 0/18       AC:  3    Str:  7    XL:     3   Next: 37%
Magic:  4/4        EV: 17    Int: 12    God:
Gold:   100        SH:  0    Dex: 18    Spells: 0 memorised, 2 levels left

rFire  . . .     SeeInvis +     a - +2 dagger
rCold  . . .     Gourm    .     c - +0 robe
rNeg   . . .     Faith    .     (shield restricted)
rPois  .         Spirit   .     (helmet restricted)
rElec  .         Reflect  .     d - +0 cloak
rCorr  .         Harm     .     (gloves unavailable)
MR     .....                    (boots unavailable)
Stlth  ++++......               (no amulet)
                                (no ring)
                                l - ring of see invisible

@: lethally poisoned (0 -> -5), flying, very quick
A: unfitting armour, see invisible, herbivore 3, speed 3, slow metabolism 2
a: no special abilities


You were on level 2 of the Dungeon.
You were not hungry.

You visited 1 branch of the dungeon, and saw 3 of its levels.

You collected 100 gold pieces.

Inventory:

Hand Weapons
 a - a +2 dagger (weapon)
 b - a +0 blowgun
Missiles
 e - 17 poisoned needles
 f - 2 curare-tipped needles
Armour
 c - a +0 robe (worn)
 d - a +0 cloak (worn)
Jewellery
 l - a ring of see invisible (left hand)
Scrolls
 h - a scroll of teleportation {unknown}
 k - a scroll of magic mapping {unknown}
Potions
 i - 2 potions of flight
 j - 2 potions of curing {unknown}
 m - a potion of resistance {unknown}
Comestibles
 g - 2 bread rations


   Skills:
 * Level 1.8 Fighting
 * Level 2.9 Short Blades
 * Level 2.1 Throwing
 * Level 1.5 Dodging
 * Level 7.0 Stealth


You had 2 spell levels left.
You didn't know any spells.

Dungeon Overview and Level Annotations

Branches:
Dungeon (3/15)

Altars:


Innate Abilities, Weirdness & Mutations

You are very small and have problems with some larger weapons.
You are too small for most types of armour.
You have supernaturally acute eyesight. (SInv)
You are a herbivore.
You cover ground extremely quickly.
You need consume almost no food.


Message History

You are too injured to fight recklessly!
You are too injured to fight recklessly!
You are too injured to fight recklessly!
You are too injured to fight recklessly!
You are too injured to fight recklessly!
It was a potion of flight.
You feel very buoyant.
You fly up into the air.
The adder completely misses you.
* * * LOW HITPOINT WARNING * * *
You feel sick.
Unknown command.
* * * LOW HITPOINT WARNING * * *
You feel sick.
* * * LOW HITPOINT WARNING * * *
You feel sick.
* * * LOW HITPOINT WARNING * * *
You feel sick.
* * * LOW HITPOINT WARNING * * *
You feel sick.
You die...

## #..........<..##..# #.# .#
#.###.###.....##..###.##### .#
#.# #........###..........# .#
#.# #####.##.# #.####.#####
.####.#######.##.# #.# #.#
.................###.# #.#
.............S....##.# #.#
.####.###...#####.##.# #.#
................@.#### #.#
.#.......########.# #.#
.........# #.# #.#
.#.......########.# #.#
.#)............##.### #.#
.#..<..........##.#.#####.#####
.#.............##.............#
.#.............##.#.#.....#####
.##.....#...........#.....#


There were no monsters in sight!

Vanquished Creatures
  An adder (D:2)
  A worm (D:2)
  A leopard gecko (D:1)
  3 orcs (D:3)
  A ball python (D:2)
  6 bats
  2 giant cockroaches
  4 goblins
  A hobgoblin (D:1)
  A frilled lizard (D:2)
  A kobold (D:1)
  5 rats
27 creatures vanquished.

Notes
Turn   | Place    | Note
-------+----------+-------------------------------------------
     0 | D:1      | FeelsKnight the Spriggan Assassin began the quest for the Orb.
     0 | D:1      | Reached XP level 1. HP: 10/10 MP: 2/2
    22 | D:1      | Reached skill level 6 in Stealth
   403 | D:1      | Reached XP level 2. HP: 15/15 MP: 3/3
  1197 | D:2      | Reached XP level 3. HP: 18/18 MP: 4/4
  1637 | D:3      | Reached skill level 7 in Stealth
  1683 | D:2      | Succumbed to an adder's poison

Skill      XL: |  1  2  3 |
---------------+----------+-----
Stealth        | 6 7 |  7.0
Fighting       | |  1.8
Short Blades   | |  2.9
Throwing       | |  2.1
Dodging        | |  1.5

Action                   || total
-------------------------++-------
Melee: Dagger            ||    78
  Use: Scroll            ||     1
       Potion            ||     1
 Stab: Sleeping          ||     7
Armor: Robe              ||     6
Dodge: Dodged            ||    50
